 Dungeon Sprint DCSS version 0.22-a0-392-g5dc3fd9 (webtiles) character file.

17025 raistware the Metallomancer (level 12, -43/59 HPs)
             Began as a Deep Elf Earth Elementalist on May 2, 2018.
             Was the Champion of Vehumet.
             Killed from afar by a frost giant (46 damage)
             ... with a bolt of cold
             ... in the Dungeon (Sprint IX: "|||||||||||||||||||||||||||||").
             The game lasted 00:33:40 (3864 turns).

raistware the Metallomancer (DEEE)                  Turns: 3864, Time: 00:33:41

Health: -43/59     AC:  8    Str:  8    XL:     12   Next: 15%
Magic:  28/39      EV: 13    Int: 26    God:    Vehumet [******]
Gold:   1162       SH:  0    Dex: 21    Spells: 18/53 levels left

rFire    . . .     SeeInvis +   k - +1 falchion of the Lurker {venom, Fragile rPois Dex+3 SInv}
rCold    . . .     Gourm    +   (no shield)
rNeg     . . .     Faith    .   f - +2 robe {MR+}
rPois    +         Spirit   .   I - +1 helmet
rElec    .         Reflect  .   (no cloak)
rCorr    .         Harm     .   C - +0 pair of gloves
MR       ++...     NoTele   +   s - +0 pair of boots {run}
Stlth    ++........             x - amulet of the gourmand
HPRegen  0.19/turn              t - +3 ring of dexterity
MPRegen  0.26/turn              u - +3 ring of strength

@: quick
A: no striking features
a: Renounce Religion


You were in the Dungeon.
You worshipped Vehumet.
Vehumet was exalted by your worship.
You were completely stuffed.

You visited 1 branch You collected 1900 gold pieces.
You spent 738 gold pieces at shops.

Inventory:

Hand Weapons
 k - the +1 falchion of the Lurker (weapon) {venom, Fragile rPois Dex+3 SInv}
   (You bought it in a shop in the Dungeon)

   It poisons the flesh of those it strikes.
   It affects your dexterity (+3).
   It protects you from poison.
   It lets you see invisible.
   It will be destroyed if unequipped.
 p - the +2 halberd "Orhittid" {drain, rF++ Str+2}
   (You found it in the Dungeon)

   A truly terrible weapon, it drains the life of those it strikes.
   It affects your strength (+2).
   It greatly protects you from fire.
 q - a +4 quarterstaff of speed
 r - a +2 scimitar of protection
Armour
 b - the +0 pair of boots of Tulips {rF+ Str+4}
   (You bought it in a shop in the Dungeon)

   It affects your strength (+4).
   It protects you from fire.
 f - a +2 robe of magic resistance (worn)
 s - a +0 pair of boots of running (worn)
 C - a +0 pair of gloves (worn)
 I - a +1 helmet (worn)
Jewellery
 t - a +3 ring of dexterity (left hand)
 u - a +3 ring of strength (right hand)
 x - an amulet of the gourmand (around neck)
 z - an uncursed ring of protection from magic
 D - an uncursed ring of see invisible
 E - an uncursed ring of ice
 F - an uncursed ring of ice
Wands
 o - a wand of acid (8)
Scrolls
 j - 4 scrolls of blinking
 m - 3 scrolls of remove curse
 n - 2 scrolls of amnesia
 y - 2 scrolls of enchant armour
 A - 3 scrolls of fog
 G - a scroll of identify
 H - a scroll of fear
Potions
 a - a potion of invisibility
 d - 2 potions of brilliance
 e - 5 potions of curing
 g - 2 potions of haste
 h - 3 potions of magic
 i - 2 potions of berserk rage
 l - 10 potions of heal wounds
 v - a potion of might
 w - a potion of agility
Comestibles
 B - 10 rations


   Skills:
 - Level 2.4 Dodging
 - Level 2.4 Stealth
 + Level 21.1 Spellcasting
 * Level 13.1 Conjurations
 - Level 1.1 Transmutations
 + Level 5.2 Ice Magic
 + Level 22.2 Earth Magic


You had 18 spell levels left.
You knew the following spells:

 Your Spells              Type           Power        Failure   Level  Hunger
a - Sandblast             Erth           ######       0%          1    None
b - Passwall              Tmut/Erth      ######....   1%          2    None
c - Stone Arrow           Conj/Erth      ######       0%          3    None
d - Lee's Rapid Deconstr  Erth           #######...   0%          5    None
e - Petrify               Tmut/Erth      ######..     1%          4    None
f - Shock                 Conj/Air       ####         1%          1    None
g - Throw Flame           Conj/Fire      ######       1%          2    None
h - Bolt of Magma         Conj/Fire/Erth ######....   1%          5    None
i - Iron Shot             Conj/Erth      #######...   1%          6    None
j - Freezing Cloud        Conj/Ice/Air   ######....   5%          6    None


Dungeon Overview and Level Annotations

Branches:
Dungeon (1/1)

Altars:
Cheibriados
Dithmenos
Elyvilon
Fedhas
Gozag
Hepliaklqana
Kikubaaqudgha
Makhleb
Nemelex Xobeh
Okawaru
Qazlal
Ru
Sif Muna
Trog
Uskayaw
Vehumet
Wu Jian
Xom
Yredelemnul
Zin
The Shining One
Beogh
Jiyva
Lugonu

Shops:
D *[([


Message History

Press: ? - help, Shift-Dir - straight line, f/p - frost giant
Aim: a frost giant, wielding a battleaxe of freezing (freezing vapour, lightly wounded, chance to defeat MR: 31%)
The frost giant is moving more slowly.
The ettin is engulfed in freezing vapours.
The frost giant is engulfed in freezing vapours.
The frost giant hits you with a battleaxe of freezing!!
* * * LOW HITPOINT WARNING * * *
The frost giant freezes you!
* * * LOW HITPOINT WARNING * * *
The ettin is engulfed in freezing vapours.
You kill the ettin!
Vehumet accepts your kill.
You feel your power returning.
Your Conjurations skill increases to level 13!
Your Ice Magic skill increases to level 5!
The frost giant is engulfed in freezing vapours.
The frost giant points at you and mumbles some strange words.
The bolt of cold hits you!
Ouch! That really hurt!
You die...

▓§▓.▓)▓.▓.▓.▓÷▓
▓§▓.▓)▓.▓.▓.▓†▓
▓§▓.▓)▓.▓'▓.▓'▓
▓§▓.▓'▓.▓.▓.▓_▓
▓§▓.▓[▓.▓.▓.▓_▓
▓§▓.▓.▓.▓.▓.▓_▓
▓C▓.▓.▓.▓.▓.▓_▓
▓.▓.▓.▓.▓.▓.▓_▓
▓@▓.▓.▓.▓.▓.▓_▓
▓.▓.▓.▓.▓.▓.▓_▓
▓.▓.▓.▓.▓.▓.▓_▓
▓.▓.▓.▓)▓.▓.▓_▓
▓[▓.▓)▓.▓'▓.▓_▓
▓[▓.▓)▓.▓.▓.▓_▓
▓[▓.▓)▓.▓.▓.▓_▓
▓.▓.▓)▓.▓.▓.▓_▓
▓[▓.▓'▓.▓.▓.▓_▓


You could see a frost giant (petrifying).

Vanquished Creatures
  An ettin (D)
  Josephine (D)
  2 hydras (D)
  Erolcha (D)
  A deep troll shaman (D)
  A death yak (D)
  A flayed ghost (D)
  4 orc knights (D)
  A manticore (D)
  A cyclops (D)
  8 orc sorcerers (D)
  3 spiny frogs (D)
  A komodo dragon (D)
  A hornet (D)
  A dream sheep (D)
  A hippogriff (D)
  9 yaks (D)
  4 wraiths (D)
  A vampire mosquito (D)
  A water moccasin (D)
  4 porcupines (D)
  8 orc warriors (D)
  A sky beast (D)
  A black bear (D)
  A boggart (shapeshifter) (D)
  An eye of draining (shapeshifter) (D)
  A centaur (D)
  4 crocodiles (D)
  2 bullfrogs (D)
  A scorpion (D)
  A killer bee (D)
  A wight (D)
  A hound (D)
  8 orc wizards (D)
  4 orc priests (D)
  A worker ant (D)
  An adder (D)
  2 shadow imps (D)
  2 oozes (D)
  A dart slug (D)
  8 orcs (D)
  A hobgoblin (D)
  A quokka (D)
  A giant cockroach simulacrum (D)
  A kobold (D)
  A leopard gecko zombie (D)
  A rat (D)
104 creatures vanquished.

Notes
Turn   | Place    | Note
-------+----------+-------------------------------------------
     0 | D        | raistware the Deep Elf Earth Elementalist began the quest for the Orb.
     0 | D        | Reached XP level 1. HP: 10/10 MP: 6/6
     8 | D        | Reached skill level 4 in Earth Magic
    21 | D        | Reached XP level 2. HP: 8/15 MP: 1/9
    94 | D        | Reached skill level 5 in Earth Magic
   153 | D        | Noticed a centaur
   153 | D        | Noticed a scorpion
   157 | D        | Reached skill level 5 in Spellcasting
   161 | D        | Killed a scorpion
   161 | D        | Reached skill level 7 in Earth Magic
   161 | D        | Reached XP level 3. HP: 4/19 MP: 2/13
   161 | D        | Reached XP level 4. HP: 5/24 MP: 2/14
   172 | D        | Killed a centaur
   172 | D        | Reached skill level 9 in Earth Magic
   172 | D        | Reached XP level 5. HP: 9/28 MP: 0/17
   376 | D        | Found a roughly hewn altar of Beogh.
   376 | D        | Found a snail-covered altar of Cheibriados.
   376 | D        | Found a shadowy altar of Dithmenos.
   376 | D        | Found a white marble altar of Elyvilon.
   376 | D        | Found a blossoming altar of Fedhas.
   376 | D        | Found an opulent altar of Gozag.
   377 | D        | Found a hazy altar of Hepliaklqana.
   378 | D        | Found a viscous altar of Jiyva.
   379 | D        | Found an ancient bone altar of Kikubaaqudgha.
   380 | D        | Found a corrupted altar of Lugonu.
   381 | D        | Found a burning altar of Makhleb.
   382 | D        | Found a sparkling altar of Nemelex Xobeh.
   383 | D        | Found an iron altar of Okawaru.
   384 | D        | Found a stormy altar of Qazlal.
   385 | D        | Found a sacrificial altar of Ru.
   386 | D        | Found a deep blue altar of Sif Muna.
   387 | D        | Found a bloodstained altar of Trog.
   388 | D        | Found a hide-covered altar of Uskayaw.
   389 | D        | Found a radiant altar of Vehumet.
   390 | D        | Found an ornate altar of the Wu Jian Council.
   391 | D        | Found a shimmering altar of Xom.
   392 | D        | Found a basalt altar of Yredelemnul.
   393 | D        | Found a glowing silver altar of Zin.
   394 | D        | Found a glowing golden altar of the Shining One.
   397 | D        | Became a worshipper of Vehumet
   412 | D        | Got the +2 halberd "Orhittid" {drain, rF++ Str+2}
   431 | D        | Learned a level 2 spell: Passwall
   435 | D        | Learned a level 3 spell: Stone Arrow
   441 | D        | Learned a level 5 spell: Lee's Rapid Deconstruction
   446 | D        | Learned a level 4 spell: Petrify
   446 | D        | Noticed a yak
   446 | D        | Noticed a hornet
   449 | D        | Reached skill level 10 in Earth Magic
   452 | D        | Killed a hornet
   452 | D        | Reached * piety under Vehumet
   452 | D        | Offered knowledge of Shock by Vehumet.
   452 | D        | Reached skill level 10 in Spellcasting
   452 | D        | Reached skill level 12 in Earth Magic
   452 | D        | Reached XP level 6. HP: 26/32 MP: 8/21
   763 | D        | Learned a level 1 spell: Shock
   767 | D        | Killed a yak
   767 | D        | Reached skill level 13 in Earth Magic
   769 | D        | Reached XP level 7. HP: 36/36 MP: 8/24
   771 | D        | Offered knowledge of Throw Flame by Vehumet.
   771 | D        | Reached ** piety under Vehumet
   865 | D        | Noticed a vampire mosquito
   872 | D        | Reached skill level 14 in Earth Magic
   877 | D        | Reached *** piety under Vehumet
   880 | D        | Killed a vampire mosquito
   932 | D        | Learned a level 2 spell: Throw Flame
  1132 | D        | Noticed a hippogriff
  1132 | D        | Noticed an eight-headed hydra
  1132 | D        | Noticed a spiny frog
  1142 | D        | Killed a spiny frog
  1142 | D        | Offered knowledge of Throw Frost by Vehumet.
  1142 | D        | Reached skill level 15 in Earth Magic
  1142 | D        | Reached XP level 8. HP: 40/41 MP: 8/27
  1145 | D        | Reached **** piety under Vehumet
  1268 | D        | Killed a hippogriff
  1268 | D        | Reached skill level 16 in Earth Magic
  1334 | D        | Killed an eight-headed hydra
  1334 | D        | Offered knowledge of Inner Flame by Vehumet.
  1334 | D        | Reached skill level 15 in Spellcasting
  1334 | D        | Reached skill level 17 in Earth Magic
  1334 | D        | Reached XP level 9. HP: 45/45 MP: 16/30
  1349 | D        | Reached ***** piety under Vehumet
  1355 | D        | Reached skill level 18 in Earth Magic
  1439 | D        | Noticed a komodo dragon
  1473 | D        | Offered knowledge of Bolt of Magma by Vehumet.
  1473 | D        | Killed a komodo dragon
  1483 | D        | Learned a level 5 spell: Bolt of Magma
  1576 | D        | Offered knowledge of Venom Bolt by Vehumet.
  1590 | D        | Noticed a spiny frog
  1594 | D        | Killed a spiny frog
  1594 | D        | Reached skill level 19 in Earth Magic
  1621 | D        | Noticed a spiny frog
  1622 | D        | Noticed a five-headed hydra
  1628 | D        | Killed a five-headed hydra
  1628 | D        | Reached XP level 10. HP: 50/50 MP: 16/33
  1629 | D        | Killed a spiny frog
  1704 | D        | Noticed a death yak
  1706 | D        | Reached skill level 1 in Conjurations
  1858 | D        | Killed a death yak
  1858 | D        | Reached skill level 20 in Earth Magic
  2123 | D        | Reached ****** piety under Vehumet
  2133 | D        | Offered knowledge of Yara's Violent Unravelling by Vehumet.
  2133 | D        | Reached skill level 5 in Conjurations
  2383 | D        | Noticed Josephine
  2388 | D        | Killed Josephine
  2549 | D        | Noticed an orc knight
  2549 | D        | Offered knowledge of Iron Shot by Vehumet.
  2553 | D        | Reached XP level 11. HP: 54/54 MP: 5/35
  2556 | D        | Killed an orc knight
  2637 | D        | Learned a level 6 spell: Iron Shot
  2679 | D        | Noticed an orc sorcerer
  2679 | D        | Noticed an orc knight
  2683 | D        | Offered knowledge of Lightning Bolt by Vehumet.
  2684 | D        | Killed an orc knight
  2684 | D        | Reached skill level 21 in Earth Magic
  2684 | D        | Killed an orc sorcerer
  2688 | D        | Noticed an orc knight
  3053 | D        | Killed an orc knight
  3053 | D        | Offered knowledge of Freezing Cloud by Vehumet.
  3061 | D        | Learned a level 6 spell: Freezing Cloud
  3141 | D        | Found Paputwalo's Armour Boutique.
  3141 | D        | Noticed an orc sorcerer
  3141 | D        | Noticed an orc sorcerer
  3141 | D        | Noticed an orc sorcerer
  3141 | D        | Noticed an orc sorcerer
  3142 | D        | Killed an orc sorcerer
  3144 | D        | Noticed a soul eater
  3145 | D        | Noticed a sun demon
  3145 | D        | Noticed a sun demon
  3145 | D        | Killed an orc sorcerer
  3145 | D        | Reached skill level 10 in Conjurations
  3147 | D        | Killed an orc sorcerer
  3148 | D        | Killed an orc sorcerer
  3371 | D        | Found Fiyruck's Antique Weapon Shop.
  3373 | D        | Noticed an orc sorcerer
  3384 | D        | Killed an orc sorcerer
  3388 | D        | Noticed an orc sorcerer
  3414 | D        | Killed an orc sorcerer
  3414 | D        | Offered knowledge of Bolt of Fire by Vehumet.
  3421 | D        | Found Tyzydd's Antique Armour Boutique.
  3445 | D        | Found Pimes's Assorted Antiques.
  3453 | D        | Noticed an orc sorcerer
  3456 | D        | Killed an orc sorcerer
  3463 | D        | Bought a scroll of fog for 38 gold pieces
  3463 | D        | Bought a scroll of blinking for 142 gold pieces
  3477 | D        | Bought a pair of shimmering boots for 218 gold pieces
  3487 | D        | Identified the cursed +0 pair of boots of Tulips {rF+ Str+4} (You bought it in a shop in the Dungeon)
  3492 | D        | Bought a steaming falchion for 168 gold pieces
  3492 | D        | Identified the +1 falchion of the Lurker {venom, Fragile rPois Dex+3 SInv} (You bought it in a shop in the Dungeon)
  3502 | D        | Bought a pair of embroidered boots for 172 gold pieces
  3503 | D        | Identified a +0 pair of boots of running (You bought it in a shop in the Dungeon)
  3568 | D        | Noticed Erolcha
  3617 | D        | Killed Erolcha
  3617 | D        | Reached skill level 1 in Ice Magic
  3780 | D        | Noticed an orc knight
  3782 | D        | Offered knowledge of Spellforged Servitor by Vehumet.
  3789 | D        | Killed an orc knight
  3789 | D        | Reached skill level 22 in Earth Magic
  3807 | D        | Noticed a flayed ghost
  3826 | D        | Noticed a frost giant
  3833 | D        | Noticed a deep troll shaman
  3839 | D        | Noticed an ettin
  3861 | D        | Killed a flayed ghost
  3861 | D        | Reached XP level 12. HP: 34/59 MP: 27/38
  3861 | D        | Killed a deep troll shaman
  3864 | D        | Killed an ettin
  3864 | D        | Reached skill level 5 in Ice Magic
  3864 | D        | Killed from afar by a frost giant

Vault maps used:
D:        linesprint

Skill      XL: |  1  2  3  4  5  6  7  8  9 10 11 12 |
---------------+-------------------------------------+-----
Earth Magic    | 4 7 9 12 13 15 17 19 20 22 | 22.2
Spellcasting   | 4 6 8 10 11 13 15 17 18 20 21 | 21.1
Conjurations   | 7 12 13 | 13.1
Ice Magic      | 4 5 |  5.2
Dodging        | |  2.4
Stealth        | |  2.4
Transmutations | |  1.1

Action                   |  1- 3 |  4- 6 |  7- 9 | 10-12 || total
-------------------------+-------+-------+-------+-------++-------
Melee: Scimitar          |       |       |       |     4 ||     4
       Falchion          |       |       |       |    17 ||    17
 Cast: Sandblast         |    12 |     8 |    10 |       ||    30
       Stone Arrow       |       |     6 |    21 |    26 ||    53
       Shock             |       |       |     7 |       ||     7
       Petrify           |       |       |     5 |    17 ||    22
       Lee's Rapid Decon |       |       |     9 |     7 ||    16
       Throw Flame       |       |       |     3 |       ||     3
       Bolt of Magma     |       |       |       |    32 ||    32
       Iron Shot         |       |       |       |    16 ||    16
       Freezing Cloud    |       |       |       |     2 ||     2
Evoke: Wand              |       |       |       |     2 ||     2
  Use: Potion            |       |     1 |     1 |     1 ||     3
       Scroll            |       |     1 |       |     2 ||     3
 Stab: Petrifying        |       |       |       |     3 ||     3
       Petrified         |       |       |       |    10 ||    10
  Eat: Ration            |       |       |     1 |       ||     1
       Chunk             |       |       |     9 |    14 ||    23
Armor: Robe              |       |       |     4 |     7 ||    11
Dodge: Dodged            |     3 |     6 |    16 |    20 ||    45
       Rpst.: Scimitar   |       |       |     6 |     1 ||     7
       Falchion          |       |       |       |     2 ||     2

Table legend:
 A = Spawn XP
 B = Non-spawn XP
 C = Spawn XP percentage of total XP
 D = Spawn monster count
 E = Non-spawn monster count
 F = Spawn count percentage of total count
 G = Total turns spent on level
                    A         B        C        D         E        F      G
               +---------+---------+-------+---------+---------+-------+---------
         Total |       0 |   24322 |   0.0 |       0 |     104 |   0.0 |  3864
               +---------+---------+-------+---------+---------+-------+---------
             D |       0 |   24322 |   0.0 |       0 |     104 |   0.0 |  3864
               +---------+---------+-------+---------+---------+-------+---------
